 Dungeon Crawl Stone Soup version 0.23-a0-395-gcf17ac6 (webtiles) character file.

163 BingusPrime the Ruffian (level 5, -4/60 HPs)
             Began as a Draconian Transmuter on Nov 1, 2018.
             Killed by divine providence
             ... invoked by an orc priest
              (13 damage)
             ... on level 3 of the Dungeon.
             The game lasted 00:07:08 (2249 turns).

BingusPrime the Ruffian (Draconian Transmuter)      Turns: 2249, Time: 00:07:09

Health: -4/60      AC: 22    Str: 12      XL:     5   Next: 20%
Magic:  3/8        EV:  2    Int: 15      God:
Gold:   112        SH:  6    Dex:  7 (11) Spells: 7/8 levels left

rFire    . . .     SeeInvis .     - Unarmed
rCold    . . .     Gourm    +   o - +0 shield
rNeg     + + +     Faith    .   (armour unavailable)
rPois    +         Spirit   .   (helmet currently unavailable)
rElec    .         Reflect  .   (cloak currently unavailable)
rCorr    .         Harm     .   (gloves currently unavailable)
MR       .....     NoTele   +   (boots currently unavailable)
Stlth    ++........             b - amulet of the gourmand
HPRegen  0.20/turn              i - ring of stealth
MPRegen  0.11/turn              (no ring)

@: tree-form, very slightly contaminated
A: unfitting armour, AC +5
a: no special abilities


You were on level 3 of the Dungeon.
You were not hungry.
You were a tree.
You visited 1 branch of the dungeon, and saw 3 of its levels.

You collected 112 gold pieces.

Inventory:

Missiles
 a - 37 arrows
Armour
 k - a +0 pair of gloves (melded)
 o - a +0 shield (worn)
Jewellery
 b - an amulet of the gourmand (around neck)
 i - a ring of stealth (left branch)
Scrolls
 d - 6 scrolls of amnesia
 g - a scroll of teleportation {unknown}
 j - a scroll of immolation {unknown}
 l - a scroll of fear {unknown}
Potions
 f - 2 potions of cancellation {unknown}
 h - 2 potions of haste
 m - a potion of heal wounds {unknown}
Comestibles
 c - 6 rations


   Skills:
 + Level 1.1 Fighting
 + Level 2.7 Dodging
 - Level 0.1 Stealth
 + Level 0.9 Shields
 * Level 4.9 Unarmed Combat
 * Level 2.4 Spellcasting
 + Level 2.2 Transmutations


You had 7 spell levels left.
You knew the following spells:

 Your Spells              Type           Power        Failure   Level  Hunger
a - Beastly Appendage     Tmut           #.....       47%         1    #......

Your spell library contained the following spells:

 Spells                   Type           Power        Failure   Level  Hunger
 Sticks to Snakes         Tmut           #.......     63%         2    ###....
 Spider Form              Tmut/Pois      #.........   94%         3    ###....
 Ice Form                 Ice/Tmut       #.......     100%        4    #####..
 Blade Hands              Tmut           #.........   100%        5    ######.


Dungeon Overview and Level Annotations

Branches:
Dungeon (3/15)

Altars:


Innate Abilities, Weirdness & Mutations

((Your plain brown scales are hard. (AC +5)))
You cannot fit into any form of body armour.
((You are cold-blooded and may be slowed by cold attacks.))


Message History

You feel clumsy. The quasit closely misses you. The quasit barely misses you.
The orc priest calls down the wrath of Beogh upon you.
Beogh smites you!
* * * LOW HITPOINT WARNING * * *
The quasit bites you but does no damage.
The quasit barely misses you. x2
Your talons disappear.
You turn into a tree.
Your +0 pair of gloves melds into your body.
Your roots penetrate the ground.
The quasit barely misses you.
The quasit claws you but does no damage.
The quasit claws you.
* * * LOW HITPOINT WARNING * * *
You smack the quasit!
You kill the quasit!
You have reached level 5!
The orc priest mumbles some strange prayers to Beogh against you.
Beogh smites you!
You die...

#.............#.........##
#..######.#.#.#####.#.####
#..# ....#.#.#####.#.# #
#..# ###............#.# #
#..#.#........>.......# #
#..............###..#†# #
...#..................#
##.##.....o###........
#♣#...## ##.#<####
#....oo........#.#
######...#.#####.# ##.##.#
#.. #.# # #.# #.. #.# ...
..


You could see an orc priest and 2 orcs.

Vanquished Creatures
  A quasit (D:3)
  A bullfrog skeleton (D:3)
  A worker ant zombie (D:2)
  4 adders (D:2)
  A worm (D:2)
  A leopard gecko (D:1)
  An orc (D:3)
  5 giant cockroaches
  7 goblins
  2 hobgoblins
  3 jackals (D:2)
  7 bats
  4 frilled lizards
  8 kobolds
  7 rats
53 creatures vanquished.

Notes
Turn   | Place    | Note
-------+----------+-------------------------------------------
     0 | D:1      | BingusPrime the Draconian Transmuter began the quest for
                  | the Orb.
     0 | D:1      | Reached XP level 1. HP: 16/16 MP: 3/3
   556 | D:1      | Reached XP level 2. HP: 19/23 MP: 3/5
  1094 | D:2      | Reached XP level 3. HP: 18/28 MP: 6/6
  1099 | D:2      | Reached skill level 4 in Unarmed Combat
  1512 | D:2      | Reached XP level 4. HP: 15/35 MP: 7/7
  2249 | D:3      | Reached XP level 5. HP: 9/40 MP: 3/8
  2249 | D:3      | Killed from afar by an orc priest

Vault maps used:
D:1:      zelgadis_glass_arrival_small
D:2:      chequers_jeans
D:3:      serial_glass, glass_columns_c, glass_columns_b,
          kennysheep_generic_room_5, uniq_ijyb

Skill      XL: |  1  2  3 |
---------------+----------+-----
Dodging        | 2 |  2.7
Unarmed Combat | 4 |  4.9
Fighting       | |  1.1
Stealth        | |  0.1
Shields        | |  0.9
Spellcasting   | |  2.4
Transmutations | |  2.2

Action                   |  1- 3 |  4- 6 || total
-------------------------+-------+-------++-------
Melee: Unarmed           |   128 |   104 ||   232
       Headbutt          |     4 |       ||     4
       Punch             |     1 |       ||     1
       Tailslap          |     8 |    10 ||    18
       Kick              |       |     4 ||     4
 Cast: Beastly Appendage |     7 |     4 ||    11
  Use: Scroll            |     2 |     3 ||     5
       Potion            |     2 |     1 ||     3
 Stab: Sleeping          |     3 |     1 ||     4
  Eat: Chunk             |     2 |     4 ||     6
Armor: Skin              |    45 |    65 ||   110
Dodge: Dodged            |    60 |    72 ||   132
Block: Large shield      |    43 |    23 ||    66
       Shield            |       |    32 ||    32

Table legend:
 A = Non-vault XP
 B = Vault XP
 C = Vault XP percentage of total XP
 D = Non-vault monster count
 E = Vault monster count
 F = Vault count percentage of total count
                 A         B        C        D         E       F
            +---------+---------+-------+---------+---------+-------
      Total |     233 |       0 |   0.0 |      53 |       0 |   0.0
            +---------+---------+-------+---------+---------+-------
        D:1 |      30 |       0 |   0.0 |      19 |       0 |   0.0
        D:2 |     108 |       0 |   0.0 |      27 |       0 |   0.0
        D:3 |      95 |       0 |   0.0 |       7 |       0 |   0.0
            +---------+---------+-------+---------+---------+-------
